 Dungeon Crawl Stone Soup version 0.24.0-13-gcf9b3192b9 (webtiles) character file.

Game seed: 7025174371404473931, levelgen mode: deterministic

3005 Majang the Cleaver (level 10, 0/79 HPs)
             Began as a Formicid Fighter on Nov 5, 2019.
             Slain by a manticore (7 damage)
             ... on level 7 of the Dungeon.
             The game lasted 00:27:46 (6604 turns).

Majang the Cleaver (Formicid Fighter)               Turns: 6604, Time: 00:27:47

Health: 0/79       AC: 15    Str: 23    XL:     10   Next: 10%
Magic:  10/10      EV: 11    Int:  9    God:
Gold:   289        SH: 10    Dex: 10    Spells: 9/9 levels left

rFire    . . .     SeeInvis +   b - +7 mace "Ykhoriecs" {flame, rElec}
rCold    . . .     Gourm    .   c - +0 shield
rNeg     + . .     Faith    .   g - +2 scale mail {rN+}
rPois    .         Spirit   .   (helmet unavailable)
rElec    +         Reflect  .   l - +0 cloak
rCorr    .         Harm     .   e - +0 pair of gloves
MR       +....                  p - +0 pair of boots
Stlth    ..........             r - amulet of the acrobat
HPRegen  0.23/turn              u - +2 ring of protection
MPRegen  0.12/turn              (no ring)

@: no status effects
A: permanent stasis, dig shafts and tunnels, four strong arms, antennae 3
a: Dig, Shaft Self


You were on level 7 of the Dungeon.
You were hungry.

You visited 1 branch of the dungeon, and saw 7 of its levels.

You collected 289 gold pieces.

Inventory:

Hand Weapons
 a - a +1 war axe
 b - the +7 mace "Ykhoriecs" (weapon) {flame, rElec}
   (You found it on level 6 of the Dungeon)

   It has been specially enchanted to burn those struck by it, causing extra
   injury to most foes and up to half again as much damage against particularly
   susceptible opponents.
   It insulates you from electricity.
 t - a -1 battleaxe
Armour
 c - a +0 shield (worn)
 e - a +0 pair of gloves (worn)
 g - a +2 scale mail of positive energy (worn)
 i - a +0 plate armour
 l - a +0 cloak (worn)
 p - a +0 pair of boots (worn)
Jewellery
 f - an uncursed amulet of the gourmand {unknown}
 r - an amulet of the acrobat (around neck)
 u - a +2 ring of protection (left hand)
Wands
 s - a wand of acid (1)
Scrolls
 d - 2 scrolls of remove curse
 m - a scroll of fear
 o - a scroll of amnesia
 q - a scroll of fog
 v - a scroll of magic mapping {unknown}
Potions
 h - a potion of magic
 j - a potion of curing
 n - a potion of agility
 w - a potion of berserk rage {unknown}
 x - a potion of mutation {unknown}
 z - a potion of brilliance
Comestibles
 y - 14 rations


   Skills:
 + Level 7.3 Fighting
 * Level 8.8 Axes
 + Level 6.3 Armour
 + Level 4.1 Dodging
 + Level 6.8 Shields


You had 9 spell levels left.
You didn't know any spells.
Your spell library contained the following spells:

 Spells                   Type           Power        Failure   Level  Hunger
 Flame Tongue             Conj/Fire      #....        83%         1    ##.....
 Throw Flame              Conj/Fire      #.....       92%         2    ###....
 Conjure Flame            Conj/Fire      #.......     99%         3    ####...
 Inner Flame              Hex/Fire       #.......     99%         3    ####...
 Sticky Flame             Conj/Fire      #.......     100%        4    #####..
 Fireball                 Conj/Fire      #.........   100%        5    ######.


Dungeon Overview and Level Annotations

Branches:
Dungeon (7/15)             Temple (0/1) D:5

Altars:
Gozag

Shops:
D:2 *

Annotations:
D:7 1 runed translucent door


Innate Abilities, Weirdness & Mutations

You cannot be hasted, slowed, berserked, paralysed or teleported.
You can dig through walls and to a lower floor.
Your four strong arms can wield two-handed weapons with a shield.
You have a pair of large antennae on your head. (SInv)


Message History

You hit the manticore.
The manticore is severely wounded.
The manticore bites you!
* * * LOW HITPOINT WARNING * * *
You block the manticore's attack. The manticore closely misses you.
You feel better.
The manticore bites you but does no damage.
You block the manticore's attack.
The manticore claws you but does no damage.
The +7 mace "Ykhoriecs" {flame, rElec} bursts into flame!
b - the +7 mace "Ykhoriecs" (weapon)
{flame, rElec} The manticore bites you but does no damage.
You block the manticore's attack. The manticore claws you.
* * * LOW HITPOINT WARNING * * *
You sock the manticore! You burn the manticore.
The manticore is almost dead.
The manticore bites you!
* * * LOW HITPOINT WARNING * * *
You block the manticore's attack. The manticore claws you!
You die...

##...#...# ##....#
#...###.### { { #..##.#
#####...#.....# { ##.###.#.#
.......####.#### ##
#........# ..###..#.......#
.{##..###.###
......#####.##### .##...###.#
#.#...#.........# .##.#.....#
{
#.#..##.###.###.##.#....#####
#....#.#########@#{#..###
###..#.##........H##..#
##..##.##########.#...#
....#...# .##...####
...##...## {{+.#........#
...#..#..# .###.........
..##..#..## ####.........#
..#.......# ##.......###
.###.....### #..#...#.#


You could see a manticore.

Vanquished Creatures
  Sigmund (D:3)
  A yak (D:7)
  Eustachio (D:5)
  A hungry ghost (D:7)
  4 orc warriors
  A black bear (D:7)
  2 sky beasts (D:6)
  3 ice beasts
  A centaur (D:7)
  A big kobold (D:7)
  A bullfrog (D:6)
  2 scorpions
  5 killer bees (D:7)
  A howler monkey (D:4)
  4 hounds
  3 orc priests
  3 iguanas
  5 orc wizards
  6 worker ants
  A hound zombie (D:7)
  7 adders
  15 gnolls
  An ooze (D:1)
  An adder skeleton (D:7)
  4 worms
  6 dart slugs
  5 leopard geckos
  15 orcs
  2 ball pythons
  4 giant cockroaches
  10 goblins
  5 hobgoblins
  9 jackals
  3 quokkas
  7 bats
  5 frilled lizards
  7 kobolds
  A leopard gecko zombie (D:6)
  3 rats
157 creatures vanquished.

Notes
Turn   | Place    | Note
-------+----------+-------------------------------------------
     0 | D:1      | Majang the Formicid Fighter began the quest for the Orb.
     0 | D:1      | Reached XP level 1. HP: 18/18 MP: 1/1
   114 | D:1      | Reached XP level 2. HP: 19/24 MP: 2/2
   402 | D:1      | Reached XP level 3. HP: 26/30 MP: 3/3
   447 | D:1      | Reached skill level 3 in Axes
   941 | D:2      | Found an opulent altar of Gozag.
   943 | D:2      | Found Gozag's Platinum Reserve.
  1043 | D:2      | Reached XP level 4. HP: 37/37 MP: 4/4
  1286 | D:2      | Reached skill level 4 in Axes
  1644 | D:2      | Reached XP level 5. HP: 42/42 MP: 5/5
  1787 | D:3      | Noticed Sigmund
  2020 | D:3      | Killed Sigmund
  2020 | D:3      | Reached skill level 5 in Fighting
  2020 | D:3      | Reached skill level 5 in Axes
  2020 | D:3      | Reached XP level 6. HP: 42/51 MP: 6/6
  2641 | D:4      | Reached XP level 7. HP: 56/56 MP: 7/7
  2801 | D:4      | Reached skill level 1 in Dodging
  3188 | D:4      | Reached skill level 6 in Axes
  3608 | D:5      | Entered Level 5 of the Dungeon
  3622 | D:5      | Found a staircase to the Ecumenical Temple.
  3908 | D:5      | Reached XP level 8. HP: 61/63 MP: 8/8
  4643 | D:5      | Noticed Eustachio
  4672 | D:5      | Killed Eustachio
  4805 | D:6      | Reached skill level 5 in Shields
  4831 | D:6      | Reached skill level 7 in Axes
  5068 | D:6      | Reached skill level 5 in Armour
  5068 | D:6      | Reached XP level 9. HP: 61/69 MP: 9/9
  5080 | D:6      | Got a pitted mace
  5081 | D:6      | Identified the +7 mace "Ykhoriecs" {flame, rElec} (You
                  | found it on level 6 of the Dungeon)
  5624 | D:7      | Reached skill level 8 in Axes
  6524 | D:7      | Reached XP level 10. HP: 79/79 MP: 10/10
  6562 | D:7      | Found a runed translucent door.
  6595 | D:7      | Noticed a manticore
  6604 | D:7      | Slain by a manticore

Levels and vault maps discovered:
D:1:      dpeg_arrival_solitude, layout_basic
D:2:      layout_loops_cross, nicolae_gozag_zags_fifth_avenue
D:3:      layout_basic, uniq_sigmund
D:4:      layout_loops_corners, first_ration
D:5:      layout_gridville, minmay_temple_entry_tees, minmay_misc_feat_cross,
          kennysheep_crisscross, uniq_eustachio
D:6:      layout_rooms
D:7:      minmay_the_grid_triangle_9x9_rhombus_thin
          [minmay_the_grid_triangle_9x9_skeleton,
          minmay_the_grid_triangle_9x9_prize_special,
          minmay_the_grid_triangle_9x9_dagger,
          minmay_the_grid_triangle_9x9_tough_junction], layout_loops_cross,
          nicolae_overflow_hidden_temple, grunt_temple_overflow_open,
          serial_shops, nicolae_shop_trees, uniq_duvessa

Skill      XL: |  1  2  3  4  5  6  7  8  9 10 |
---------------+-------------------------------+-----
Axes           | 3 4 5 6 7 8 |  8.8
Fighting       | 4 5 6 7 |  7.3
Dodging        | 1 2 3 4 |  4.1
Shields        | 4 5 6 |  6.8
Armour         | 4 5 6 |  6.3

Action                   |  1- 3 |  4- 6 |  7- 9 | 10-12 || total
-------------------------+-------+-------+-------+-------++-------
Melee: War axe           |   108 |   147 |   409 |    33 ||   697
       Mace              |       |       |    29 |     1 ||    30
 Abil: Dig               |     1 |     4 |    10 |       ||    15
Evoke: Wand              |       |       |     3 |       ||     3
  Use: Potion            |       |     1 |     8 |     2 ||    11
       Scroll            |       |     9 |     3 |       ||    12
 Stab: Distracted        |       |       |     1 |       ||     1
  Eat: Chunk             |     1 |     4 |    10 |       ||    15
       Ration            |       |     1 |     1 |       ||     2
Armor: Scale mail        |    44 |       |   146 |     7 ||   197
       Plate armour      |     5 |    75 |     7 |       ||    87
Dodge: Dodged            |    43 |    16 |   125 |    11 ||   195
Block: Shield            |    63 |    76 |   196 |    20 ||   355
